AoeStats
← 且听风语

MegaRandom

510145442Analyzed
3v3 RM · 3d ago on Sep 29, 2026· 41m 48s· 6 players
Game mode
Random Map
Map size
Normal (6 player)
Population
200
Speed
Normal
Resources
Standard
Victory
Conquest
Starting age
Dark Age
Ending age
Imperial Age
RankedLock teamsTeams togetherTeam positionsShared explorationLock speedFull tech treeHidden civsTurbo modeCheats
Victory
Defeat
🇨🇳 Danes · China
1135
+17
🇳🇱 Gurjaras · Netherlands
1053
+20
🇳🇱 Varangians · Netherlands
1052
+20
1189
-21
🇵🇹 Japanese · Portugal
1138
-19
🇫🇷 Britons · France
1098
-17
lucas.lgbr
9:25 Loom
14:02 Feudal Age
17:37 Fishing Lines
20:32 Castle Age
18:20 Double-Bit Axe
18:22 Horse Collar
20:49 Wheelbarrow
20:00 Town Watch
23:20 Gillnets
23:58 Bow Saw
26:56 Scale Mail Armor
27:06 Forging
27:43 Man-at-Arms
28:24 Squires
28:10 Arson
28:11 Gambesons
29:39 Long Swordsman
31:25 Chain Mail Armor
32:46 Town Patrol
33:31 Iron Casting
34:06 Hand Cart
40:11 Imperial Age
40:22 Two-Handed Swordsman
驯龙骑士尹志平
8:22 Loom
11:01 Feudal Age
22:23 Castle Age
20:50 Double-Bit Axe
21:43 Gold Mining
21:59 Horse Collar
22:56 Fletching
23:07 Padded Archer Armor
24:03 Gold Shaft Mining
22:58 Crossbowman
25:42 Bow Saw
26:35 Ballistics
28:53 Stone Mining
30:02 Heavy Plow
35:07 Bodkin Arrow
35:29 Leather Archer Armor
44:21 Imperial Age
42:27 Wheelbarrow
41:38 Town Watch
Unknown-Ben
13:23 Feudal Age
14:56 Double-Bit Axe
18:02 Castle Age
18:29 Stone Mining
18:31 Gold Mining
18:58 Bow Saw
19:06 Loom
29:55 Fletching
35:40 Wheelbarrow
36:56 Yeomen
39:06 Bodkin Arrow
39:14 Padded Archer Armor
41:36 Leather Archer Armor
NatriumChloride
11:02 Feudal Age
10:46 Loom
14:59 Castle Age
14:52 Double-Bit Axe
16:19 Bow Saw
18:17 Bloodlines
19:13 Husbandry
21:07 Scale Mail Armor
21:25 Forging
22:49 Horse Collar
27:16 Scale Barding Armor
30:21 Iron Casting
30:06 Chain Barding Armor
31:25 Heavy Plow
33:30 Wheelbarrow
34:08 Fishing Lines
37:48 Imperial Age
38:15 Elite Shrivamsha Rider
40:38 Plate Barding Armor
41:16 Gold Mining
41:57 Conscription
ToipperHero
5:51 Loom
10:27 Feudal Age
12:54 Bloodlines
14:25 Scale Barding Armor
17:41 Forging
19:49 Double-Bit Axe
19:46 Horse Collar
24:24 Castle Age
25:55 Husbandry
28:03 Bow Saw
31:13 Chain Barding Armor
36:17 Imperial Age
37:30 Iron Casting
36:44 Vendel Legacy
37:52 Conscription
38:27 Plate Barding Armor
37:27 Cavalier
41:46 Blast Furnace
42:17 Wheelbarrow
且听风语
0:42 Loom
12:01 Feudal Age
17:25 Castle Age
16:55 Double-Bit Axe
23:45 Bow Saw
27:36 Horse Collar
28:06 Scale Mail Armor
29:02 Hamask
32:38 Imperial Age
30:45 Chain Mail Armor
32:55 Wheelbarrow
32:05 Town Watch
32:36 Forging
33:25 Siege Engineers
33:30 Capped Ram
34:52 Hand Cart
35:48 Siege Ram
36:55 Masonry
37:16 Onager
38:30 Conscription
39:30 Siege Onager
Connection lost

Rejoining the realm…

Still unreachable

The connection could not be restored.

Session expired

The server has moved on; the page needs a fresh start.